Map: Persephone LE

Players

ManlyManMeat

  • Race: Zerg Zerg
  • League: Diamond
  • Spawn Location: 7:00

VOD

Have the link to the VOD?

Description

Time

  • Played on: July 14, 2025, 3:06 p.m.
  • Length: 3:59
Show
View Real Time Build Order
Export as new Build Order

ManlyManMeat Zerg 

Build Orders:  

Get SALT Encoding   

  12  0:00  Drone  
  13  0:12  Drone  
  13  0:19  Extractor  
  13  0:21  Drone  
  15  0:30  Overlord  
  15  0:56  Drone  
  16  1:04  Hatchery  
  16  1:09  Drone  
  16  1:15  Drone  
  16  1:19  Drone  
  18  1:34  Extractor  
  17  1:41  Spawning Pool  
  17  1:45  Drone  
  17  1:49  Drone  
  18  2:00  Drone  
  19  2:16  Drone  
  20  2:34  Drone  
  21  2:47  Zergling x2, Queen x2  
  26  2:50  Overlord  
  26  3:00  Drone  
  26  3:01  Drone  
  28  3:17  Drone x2  
  30  3:31  Drone  
  30  3:32  Drone  
  34  3:58  Hatchery  
Tags
 
Add a new tag
Caveats
  • Supply blocks, unpowered buildings, or Contaminate may cause inaccurate times.
  • Supply counts are checked every 10 seconds.